 Dungeon Crawl Stone Soup version 0.20.0-10-g0535bb4 (webtiles) character file.

13440 mopl the Covert (level 11, -16/78 (79) HPs)
             Began as a Minotaur Assassin on June 6, 2017.
             Was a Priest of Hepliaklqana.
             Demolished by a two-headed ogre
             ... wielding a +0 giant club
              (25 damage)
             ... on level 11 of the Dungeon on June 7, 2017.
             The game lasted 00:27:51 (14101 turns).

mopl the Covert (Minotaur Assassin)                Turns: 14101, Time: 00:27:51

HP:   -16/78 (79)   AC:  5    Str: 16    XL:     11   Next: 75%
MP:   14/14         EV: 14    Int:  8    God:    Hepliaklqana [***...]
Gold: 603           SH:  5    Dex: 15    Spells: 8/10 levels left

rFire    . . .     SeeInvis .   a - +0 dagger (venom)
rCold    . . .     Gourm    +   Y - +0 buckler
rNeg     + . .     Faith    .   c - +0 robe
rPois    .         Spirit   .   (helmet restricted)
rElec    .         Reflect  .   U - +1 cloak
rCorr    .         Harm     .   E - +0 pair of gloves
MR       .....                  (no boots)
Stlth    +++++.....             l - amulet of the gourmand
Regen    0.3/turn               x - ring of positive energy
MPRegen  0.2/turn               F - +2 ring of slaying

@: no status effects
A: retaliatory headbutt, reduced essence, horns 2
a: Recall Ancestor, Ancestor Identity, Transference, Renounce Religion


You were on level 11 of the Dungeon.
You worshipped Hepliaklqana.
Hepliaklqana was most pleased with you.
You were completely stuffed.

You visited 2 branches of the dungeon, and saw 12 of its levels.

You collected 603 gold pieces.

Inventory:

Hand Weapons
 a - a +0 dagger of venom (weapon)
 b - a +0 blowgun
 T - a +1 scimitar of flaming
Missiles
 e - 70 poisoned needles
 S - 2 curare-tipped needles
Armour
 c - a +0 robe (worn)
 E - a +0 pair of gloves (worn)
 U - a +1 cloak (worn)
 Y - a +0 buckler (worn)
Jewellery
 l - an amulet of the gourmand (around neck)
 x - a ring of positive energy (left hand)
 F - a +2 ring of slaying (right hand)
Wands
 d - a wand of iceblast (1/15)
 u - a wand of digging (8/24)
 K - a wand of disintegration (12/24)
 O - a wand of lightning (6/15)
 P - a wand of polymorph (5/24)
 V - a wand of confusion (13/48)
 X - a wand of flame (15/48)
Scrolls
 h - a scroll of magic mapping {unknown}
 i - a scroll of remove curse {unknown}
 q - 3 scrolls of fog {unknown}
 s - 3 scrolls of amnesia {unknown}
 v - 2 scrolls of blinking {unknown}
 w - 4 scrolls of teleportation {unknown}
 y - a scroll of enchant armour {unknown}
 z - a scroll of immolation {unknown}
 A - a scroll of noise {unknown}
 B - 14 scrolls of identify {unknown}
 G - 5 scrolls of fear {unknown}
 R - a scroll of enchant weapon {unknown}
Potions
 f - 5 potions of ambrosia {unknown}
 j - 4 potions of haste {unknown}
 m - a potion of agility
 o - 3 potions of degeneration {deter ?, unknown}
 r - 2 potions of invisibility {unknown}
 t - 2 potions of heal wounds {unknown}
 C - 4 potions of flight {unknown}
 D - a potion of berserk rage {unknown}
 H - a potion of lignification {unknown}
 I - 3 potions of brilliance {unknown}
 J - 2 potions of mutation {unknown}
 L - 3 potions of might {unknown}
 Q - 4 potions of curing {unknown}
Books
 n - a book of Misfortune

   Spells                             Type                      Level
   a - Confusing Touch                Hexes                        1
   b - Confuse                        Hexes                        3
   c - Gell's Gravitas                Translocation                3
   d - Petrify                        Transmutation/Earth          4
   e - Metabolic Englaciation         Hexes/Ice                    5
   f - Yara's Violent Unravelling     Hexes/Transmutation          5
 M - a book of Maledictions

   Spells                             Type                      Level
   a - Corona                         Hexes                        1
   b - Ensorcelled Hibernation        Hexes/Ice                    2
   c - Confuse                        Hexes                        3
   d - Tukima's Dance                 Hexes                        3
   e - Dazzling Spray                 Conjuration/Hexes            3
 N - a book of Minor Magic

   Spells                             Type                      Level
   a - Magic Dart                     Conjuration                  1
   b - Blink                          Translocation                2
   c - Call Imp                       Summoning                    2
   d - Slow                           Hexes                        2
   e - Conjure Flame                  Conjuration/Fire             3
   f - Mephitic Cloud                 Conjuration/Poison/Air       3
Miscellaneous
 W - a lightning rod (2/4)
Comestibles
 g - 4 bread rations
 k - 5 meat rations
 p - 22 fruits
 Z - a royal jelly


   Skills:
 + Level 5.3 Fighting
 + Level 9.3 Short Blades
 + Level 8.5 Throwing
 + Level 4.6 Dodging
 * Level 11.2 Stealth
 + Level 3.4 Shields
 + Level 5.9 Invocations
 + Level 3.0 Evocations


You had 8 spell levels left.
You knew the following spells:

 Your Spells              Type           Power        Failure   Level  Hunger
e - Blink                 Tloc           N/A          56%         2    ###....


Dungeon Overview and Level Annotations

Branches:
Dungeon (11/15)            Temple (1/1) D:4             Orc (0/2) D:11
   Lair: D:8-11

Altars:
Ashenzari
Cheibriados
Dithmenos
Elyvilon
Fedhas
Gozag
Hepliaklqana
Kikubaaqudgha
Makhleb
Nemelex Xobeh
Okawaru
Qazlal
Ru
Sif Muna
Trog
Uskayaw
Vehumet
Xom
Yredelemnul
Zin
The Shining One

Shops:
D:11 [

Portals:
Trove: D:10 (give +3 gold dragon scales)

Annotations:
D:3 2 transporters


Innate Abilities, Weirdness & Mutations

You reflexively headbutt those who attack you in melee.
You have a pair of horns on your head.
Your life essence is reduced. (-10% HP)


Message History

The two-headed ogre is moderately wounded.
Citlalmina hits the two-headed ogre with a dagger of draining.
Citlalmina drains the two-headed ogre!
Press: ? - help, v - describe, . - travel, g - get item
Here: a two-headed ogre, wielding two giant clubs (moderately wounded, poisoned, lightly drained)
A spear.
There is something else lying underneath.
The floor, spattered with blood.
Unknown command.
Unknown command.
Unknown command.
You hit the two-headed ogre but do no damage.
The two-headed ogre looks as sick as possible!
You headbutt the two-headed ogre.
The two-headed ogre is heavily wounded.
Citlalmina barely misses the two-headed ogre.
The two-headed ogre hits you with a giant club!
* * * LOW HITPOINT WARNING * * *
The two-headed ogre hits you with a giant club!!
You die...

#.... #... #.# #....
#... #.# #..# #....
#...##.# #..# #....
###......# #.%# #....
.........####..# #....
.....).........# #....
#............#####..##
#....@).............#
#....∩OR..))........#
#.
#..$................#
..
#....$......(#####..#
.###............#
#..## .........###...#
#.... #...........#
#...# #....
#...........# #...#
#..## #...##).....#
#...# #..#


You could see the friendly Citlalmina the hexer and a two-headed ogre.

Vanquished Creatures
  3 two-headed ogres
  2 unseen horrors
  A cyclops (D:11)
  Psyche (D:8)
  4 trolls
  2 hippogriffs
  3 wraiths (D:9)
  A vampire (D:9)
  2 wyverns
  Eustachio (D:5)
  2 basilisks (D:11)
  8 yaks
  A hungry ghost (D:8)
  3 porcupines
  4 orc warriors
  A sky beast (D:10)
  3 ice beasts
  3 ogres
  A phantom (D:6)
  2 necrophages (D:7)
  4 centaurs
  2 crocodiles
  Blork the orc (D:5)
  4 big kobolds
  6 bullfrogs
  A wyvern zombie (D:7)
  5 scorpions
  4 wights (D:6)
  An electric eel (D:9)
  2 howler monkeys
  3 crimson imps
  2 bullfrog zombies
  3 hounds
  A centaur zombie (D:10)
  4 jellies
  3 centaur skeletons
  5 human zombies (D:9)
  2 bullfrog skeletons (D:4)
  4 orc priests
  A hexer (D:11)
  2 iguanas
  4 orc wizards
  8 worker ants
  A hound zombie (D:9)
  A hound skeleton (D:4)
  A mummy (D:9)
  A gnoll (D:1)
  2 howler monkey skeletons (D:4)
  8 adders
  A shadow imp (D:10)
  An ooze (D:4)
  2 adder skeletons
  2 worms
  3 dart slugs
  6 leopard geckos
  42 orcs
  5 giant cockroaches
  4 goblins
  8 hobgoblins
  5 jackals
  22 kobolds
  7 quokkas
  8 bats
  6 frilled lizards
  2 leopard gecko skeletons
  An orc skeleton (D:9)
  2 orc zombies (D:9)
  5 rats
266 creatures vanquished.

Vanquished Creatures (collateral kills)
  Erica (D:8)
  A soldier ant (D:8)
  An ogre (D:10)
  A phantom (D:8)
  A big kobold (D:9)
  A wyvern skeleton (D:8)
  3 crimson imps
  A hound (D:10)
  A jelly (D:11)
  A bullfrog zombie (D:11)
  2 orc wizards
  2 worker ants
  A hound zombie (D:10)
  An adder zombie (D:9)
  4 orcs
  A kobold (D:8)
23 creatures vanquished.

Vanquished Creatures (others)
  A howler monkey (D:4)
  2 hounds (D:4)
  An iguana (D:4)
  4 hexers
  5 ancestors
  An adder (D:4)
  A quokka (D:4)
  A plant (D:11)
16 creatures vanquished.

Grand Total: 305 creatures vanquished

Notes
Turn   | Place    | Note
-------+----------+-------------------------------------------
     0 | D:1      | mopl the Minotaur Assassin began the quest for the Orb.
     0 | D:1      | Reached XP level 1. HP: 18/18 MP: 0/0
   277 | D:1      | Reached XP level 2. HP: 24/25 MP: 1/1
   369 | D:1      | Found an iron altar of Okawaru.
   597 | D:1      | Reached XP level 3. HP: 10/30 MP: 2/2
   959 | D:2      | Reached skill level 4 in Stealth
  1331 | D:2      | Found a bloodstained altar of Trog.
  1570 | D:3      | Reached XP level 4. HP: 37/37 MP: 3/3
  1601 | D:3      | Reached skill level 3 in Short Blades
  1659 | D:3      | Found a shadowy altar of Dithmenos.
  1844 | D:3      | Found a deep blue altar of Sif Muna.
  2069 | D:3      | Found a transporter.
  2084 | D:3      | Found a transporter.
  2147 | D:3      | Found a shattered altar of Ashenzari.
  2292 | D:4      | Reached skill level 3 in Throwing
  2376 | D:4      | Reached XP level 5. HP: 20/42 MP: 4/4
  2456 | D:4      | Noticed an ogre
  2485 | D:4      | Killed an ogre
  2485 | D:4      | Reached skill level 5 in Stealth
  2576 | D:4      | Found a shimmering altar of Xom.
  2587 | D:4      | Reached XP level 6. HP: 43/50 MP: 5/5
  2621 | D:4      | Reached skill level 4 in Short Blades
  3024 | D:4      | Reached skill level 4 in Throwing
  3059 | D:4      | Reached XP level 7. HP: 11/56 MP: 6/6
  3407 | D:4      | Found a staircase to the Ecumenical Temple.
  3562 | Temple   | Entered the Ecumenical Temple
  3686 | D:4      | Reached skill level 6 in Stealth
  4145 | D:5      | Entered Level 5 of the Dungeon
  4167 | D:5      | Noticed Blork the orc
  4179 | D:5      | Killed Blork the orc
  4244 | D:5      | Noticed Eustachio
  4256 | D:5      | Killed Eustachio
  4256 | D:5      | Reached skill level 5 in Short Blades
  4256 | D:5      | Reached skill level 5 in Throwing
  4452 | D:5      | Reached XP level 8. HP: 62/62 MP: 7/7
  4900 | D:6      | Reached skill level 7 in Stealth
  5450 | D:6      | Reached skill level 6 in Short Blades
  5549 | D:6      | Learned a level 2 spell: Blink
  5665 | D:6      | Found a shattered altar of Ashenzari.
  5716 | D:6      | Found a hide-covered altar of Uskayaw.
  5716 | D:6      | Found a burning altar of Makhleb.
  5742 | D:6      | Found a radiant altar of Vehumet.
  5752 | D:6      | Found a basalt altar of Yredelemnul.
  5816 | D:7      | Found a hazy altar of Hepliaklqana.
  6052 | D:6      | Reached skill level 6 in Throwing
  6052 | D:6      | Reached skill level 8 in Stealth
  6285 | D:7      | Became a worshipper of Hepliaklqana the Forgotten
  6619 | D:7      | Found a bloodstained altar of Trog.
  6727 | D:7      | Reached skill level 1 in Invocations
  6727 | D:7      | Reached XP level 9. HP: 48/61 MP: 8/8
  7078 | D:7      | Reached skill level 2 in Invocations
  7174 | D:8      | Noticed Psyche
  7187 | D:8      | Noticed a two-headed ogre
  7488 | D:8      | Killed Psyche
  7488 | D:8      | Reached skill level 7 in Short Blades
  7488 | D:8      | Reached skill level 9 in Stealth
  7502 | D:8      | Found a stormy altar of Qazlal.
  7759 | D:8      | Noticed Erica
  7796 | D:7      | Reached skill level 3 in Invocations
  7893 | D:8      | Got a bloodstained spear
  7898 | D:8      | Found a shattered altar of Ashenzari.
  7952 | D:8      | HP: 3/60 [Erica/scimitar of flaming (1)]
  7953 | D:8      | Killed Erica
  7953 | D:8      | Reached skill level 7 in Throwing
  7955 | D:8      | Noticed Maurice
  8321 | D:8      | Noticed Maurice
  8321 | D:8      | Maurice changed into Maurice the soldier ant
  8337 | D:8      | Killed Maurice the soldier ant
  8337 | D:8      | Reached XP level 10. HP: 58/65 MP: 11/11
  8857 | D:8      | Reached skill level 4 in Invocations
  8869 | D:8      | Reached * piety under Hepliaklqana
  8958 | D:8      | Killed a two-headed ogre
  8958 | D:8      | Reached skill level 8 in Short Blades
  8958 | D:8      | Reached skill level 10 in Stealth
  9098 | D:9      | Noticed a two-headed ogre
  9101 | D:9      | Killed a two-headed ogre
  9101 | D:9      | Reached skill level 3 in Fighting
  9178 | D:9      | Found an iron altar of Okawaru.
  9242 | D:9      | Found a sparkling altar of Nemelex Xobeh.
  9325 | D:9      | Noticed a two-headed ogre
  9331 | D:9      | HP: 1/68 [two-headed ogre/giant club (22)]
  9341 | D:9      | Killed a two-headed ogre
  9341 | D:9      | Reached skill level 2 in Dodging
  9341 | D:9      | Reached skill level 5 in Invocations
  9903 | D:9      | Reached skill level 4 in Fighting
  9958 | D:9      | Reached skill level 8 in Throwing
 10387 | D:9      | Found an ancient bone altar of Kikubaaqudgha.
 10528 | D:9      | Reached skill level 1 in Shields
 10533 | D:10     | Entered Level 10 of the Dungeon
 10818 | D:9      | Reached XP level 11. HP: 61/74 MP: 13/13
 11070 | D:10     | Reached ** piety under Hepliaklqana
 11071 | D:10     | Remembered your ancestor Citlalmina as a hexer
 11201 | D:10     | Reached skill level 3 in Dodging
 11201 | D:10     | Reached skill level 2 in Shields
 11201 | D:10     | Reached skill level 1 in Evocations
 11275 | D:10     | Killed an unseen horror
 11826 | D:10     | HP: 3/75 [yak (15)]
 11869 | D:10     | Found a portal to a secret trove of treasure.
 12251 | D:11     | Killed an unseen horror
 12251 | D:11     | Reached skill level 11 in Stealth
 12251 | D:11     | Reached skill level 2 in Evocations
 12379 | D:11     | Reached skill level 9 in Short Blades
 12392 | D:11     | Reached skill level 5 in Fighting
 12392 | D:11     | Reached skill level 3 in Shields
 12496 | D:11     | Reached *** piety under Hepliaklqana
 12497 | D:11     | Reached skill level 4 in Dodging
 13305 | D:11     | Noticed a two-headed ogre
 14074 | D:11     | Found a staircase to the Orcish Mines.
 14076 | D:11     | Found Migeth's Armour Boutique.
 14089 | D:11     | Reached skill level 3 in Evocations
 14101 | D:11     | Demolished by a two-headed ogre

Skill      XL: |  1  2  3  4  5  6  7  8  9 10 11 |
---------------+----------------------------------+-----
Stealth        | 4 5 6 8 9 10 11 | 11.2
Short Blades   | 3 4 5 6 7 8 9 |  9.3
Throwing       | 3 4 5 6 7 8 |  8.5
Invocations    | 1 3 5 |  5.9
Fighting       | 4 5 |  5.3
Dodging        | 2 4 |  4.6
Shields        | 1 3 |  3.4
Evocations     | 3 |  3.0

Action                   |  1- 3 |  4- 6 |  7- 9 | 10-12 || total
-------------------------+-------+-------+-------+-------++-------
Melee: Dagger            |    43 |    85 |   321 |   481 ||   930
       Falchion          |    35 |    23 |       |       ||    58
       Headbutt          |    10 |    22 |    63 |   130 ||   225
       Scimitar          |       |       |       |     5 ||     5
 Fire: Blowgun           |       |    16 |    71 |    38 ||   125
Throw: Stone             |       |       |    17 |       ||    17
Invok: Ancestor Life: He |       |       |       |     1 ||     1
Evoke: Wand              |       |       |     2 |     6 ||     8
       Lightning rod     |       |       |       |     2 ||     2
 Stab: Sleeping          |     9 |     1 |     8 |    21 ||    39
       Distracted        |       |       |     1 |     6 ||     7
       Confused          |       |       |       |     2 ||     2
  Eat: Chunk             |     2 |     5 |    13 |    28 ||    48
       Royal jelly       |       |       |     1 |       ||     1
       Fruit             |       |       |       |     6 ||     6
Armor: Robe              |    17 |    19 |    85 |    47 ||   168
Dodge: Dodged            |    32 |    54 |   129 |   152 ||   367
Block: Buckler           |       |       |       |    41 ||    41
       Rpst.: Falchion   |     4 |     5 |       |       ||     9
